TOP OF THE 1ST |
Los Angeles (WIN) Dodgers batting - Pitching for Chicago (WIN) White Sox : LHP Nick Hamlin
|
Pitching: LHP Nick Hamlin
|
|
Batting: RHB Luis Grajeda
|
0-0: Fly out, F8 (Flyball, 8LM, EV 81.2 MPH)
|
Batting: RHB Mike Dodson
|
0-0: Ball 1-0: Ball 2-0: DOUBLE (Line Drive, 78D, EV 108.8 MPH)
|
Batting: SHB Shane Marcum
|
0-0: Ball 1-0: Ball 2-0: Called Strike 2-1: Foul Ball, location: 2F 2-2: Strikes out swinging
|
Batting: RHB Blake Beale
|
0-0: Ball 1-0: Called Strike 1-1: Swinging Strike 1-2: Foul Ball, location: 2F 1-2: Ball 2-2: Strikes out swinging
|
Top of the 1st over - 0 runs, 1 hit, 0 errors, 1 left on base; Los Angeles (WIN) 0 - Chicago (WIN) 0 |
BOTTOM OF THE 1ST |
Chicago (WIN) White Sox batting - Pitching for Los Angeles (WIN) Dodgers : RHP Santiago Montero
|
Pitching: RHP Santiago Montero
|
|
Batting: LHB Dustin Taylor
|
0-0: Ball 1-0: Ball 2-0: Foul Ball, location: 2F 2-1: Foul Ball, location: 2F 2-2: Ball 3-2: Ground out U3 (Groundball, 3, EV 79.4 MPH)
|
Batting: RHB Dusty Ballard
|
0-0: Ball 1-0: Ground out 5-3 (Groundball, 56, EV 106.2 MPH)
|
Batting: LHB Brandon Hopper
|
0-0: Called Strike 0-1: SINGLE (Line Drive, 78S, EV 95.0 MPH)
|
Batting: LHB Angel Tellez
|
0-0: Called Strike 0-1: Ball 1-1: DOUBLE (Flyball, 78D, EV 97.5 MPH) Brandon Hopper to third Runner from 3rd tries for Home, SAFE, throw by CF to trailing runner, SAFE at third!
|
Batting: RHB Mike Warzecha
|
0-0: Ball 1-0: Foul Ball, location: 2F 1-1: Ball 2-1: Called Strike 2-2: Foul Ball, location: 2F 2-2: Fly out, F7 (Flyball, 7D, EV 100.0 MPH)
|
Bottom of the 1st over - 1 run, 2 hits, 0 errors, 1 left on base; Los Angeles (WIN) 0 - Chicago (WIN) 1 |
TOP OF THE 2ND |
Los Angeles (WIN) Dodgers batting - Pitching for Chicago (WIN) White Sox : LHP Nick Hamlin
|
Batting: RHB Alex Mejia
|
0-0: Ball 1-0: Foul Ball, location: 2F 1-1: Ball 2-1: Called Strike 2-2: Ball 3-2: Foul Ball, location: 2F 3-2: Base on Balls
|
Batting: LHB Chris Barrera
|
0-0: Ball 1-0: Ball 2-0: Ball 3-0: Base on Balls Alex Mejia to second
|
Batting: RHB Steve Perez
|
0-0: Ball 1-0: Ball 2-0: Ball Wild Pitch! Alex Mejia to third Chris Barrera to second 3-0: Called Strike 3-1: Base on Balls
|
Batting: LHB Antonio Fierros
|
0-0: Ball 1-0: Called Strike 1-1: Swinging Strike 1-2: Ball 2-2: Strikes out swinging
|
Batting: LHB Steve Pond
|
0-0: Called Strike 0-1: Called Strike 0-2: Strikes out swinging
|
Batting: RHB Luis Grajeda
|
0-0: Called Strike 0-1: Foul Ball, location: 2F 0-2: Ball 1-2: Strikes out swinging
|
Top of the 2nd over - 0 runs, 0 hits, 0 errors, 3 left on base; Los Angeles (WIN) 0 - Chicago (WIN) 1 |
BOTTOM OF THE 2ND |
Chicago (WIN) White Sox batting - Pitching for Los Angeles (WIN) Dodgers : RHP Santiago Montero
|
Batting: LHB Hirakito Herring
|
0-0: Fly out, F9 (Flyball, 9, EV 93.1 MPH)
|
Batting: RHB Danny Longoria
|
0-0: Fly out, F5 (Line Drive, 5L, EV 65.6 MPH)
|
Batting: LHB John Thurman
|
0-0: Swinging Strike 0-1: Ground out 2-3 (Groundball, 2R, EV 66.2 MPH)
|
Bottom of the 2nd over - 0 runs, 0 hits, 0 errors, 0 left on base; Los Angeles (WIN) 0 - Chicago (WIN) 1 |
TOP OF THE 3RD |
Los Angeles (WIN) Dodgers batting - Pitching for Chicago (WIN) White Sox : LHP Nick Hamlin
|
Batting: RHB Mike Dodson
|
0-0: Ball 1-0: Foul Ball, location: 2F 1-1: DOUBLE (Line Drive, 78M, EV 92.5 MPH)
|
Batting: SHB Shane Marcum
|
0-0: Ball 1-0: Called Strike 1-1: Foul Ball, location: 2F 1-2: Ball 2-2: Ground out 5-3 (Groundball, 5S, EV 91.2 MPH)
|
Batting: RHB Blake Beale
|
0-0: Ball 1-0: Called Strike 1-1: Swinging Strike 1-2: Ball 2-2: Foul Ball, location: 2F 2-2: Ball 3-2: Strikes out swinging
|
Batting: RHB Alex Mejia
|
0-0: Ball 1-0: Called Strike 1-1: Ball 2-1: Foul Ball, location: 2F 2-2: Ball 3-2: Foul Ball, location: 2F 3-2: Foul Ball, location: 2F 3-2: Base on Balls
|
Batting: LHB Chris Barrera
|
0-0: Fly out, F8 (Flyball, 8RM, EV 80.0 MPH)
|
Top of the 3rd over - 0 runs, 1 hit, 0 errors, 2 left on base; Los Angeles (WIN) 0 - Chicago (WIN) 1 |
BOTTOM OF THE 3RD |
Chicago (WIN) White Sox batting - Pitching for Los Angeles (WIN) Dodgers : RHP Santiago Montero
|
Batting: RHB Jose Medina
|
0-0: Called Strike 0-1: Ball 1-1: Swinging Strike 1-2: Strikes out swinging
|
Batting: LHB Dustin Taylor
|
0-0: Ball 1-0: Foul Ball, location: 2F 1-1: Ball 2-1: Ball 3-1: Fly out, F9 (Flyball, 9, EV 93.1 MPH)
|
Batting: RHB Dusty Ballard
|
0-0: Ball 1-0: Foul Ball, location: 2F 1-1: Called Strike 1-2: Ball 2-2: Strikes out swinging
|
Bottom of the 3rd over - 0 runs, 0 hits, 0 errors, 0 left on base; Los Angeles (WIN) 0 - Chicago (WIN) 1 |
TOP OF THE 4TH |
Los Angeles (WIN) Dodgers batting - Pitching for Chicago (WIN) White Sox : LHP Nick Hamlin
|
Batting: RHB Steve Perez
|
0-0: Ball 1-0: Foul Ball, location: 2F 1-1: Ball 2-1: Foul Ball, location: 2F 2-2: Ball 3-2: Reached on error, E3 (Groundball, 34S, EV 66.9 MPH)
|
Batting: LHB Antonio Fierros
|
0-0: Ball 1-0: Ball 2-0: Grounds into double play, 4-6-3 (Groundball, 34, EV 81.9 MPH)
|
Batting: LHB Steve Pond
|
0-0: Ball 1-0: Called Strike 1-1: Swinging Strike 1-2: Ball 2-2: Foul Ball, location: 2F 2-2: Strikes out swinging
|
Top of the 4th over - 0 runs, 0 hits, 1 error, 0 left on base; Los Angeles (WIN) 0 - Chicago (WIN) 1 |
BOTTOM OF THE 4TH |
Chicago (WIN) White Sox batting - Pitching for Los Angeles (WIN) Dodgers : RHP Santiago Montero
|
Batting: LHB Brandon Hopper
|
0-0: Called Strike 0-1: Swinging Strike 0-2: Fly out, F7 (Flyball, 7LS, EV 83.8 MPH)
|
Batting: LHB Angel Tellez
|
0-0: Foul Ball, location: 2F 0-1: Ball 1-1: Foul Ball, location: 2F 1-2: Foul Ball, location: 2F 1-2: Strikes out swinging
|
Batting: RHB Mike Warzecha
|
0-0: Called Strike 0-1: Ball 1-1: Foul Ball, location: 2F 1-2: Strikes out swinging
|
Bottom of the 4th over - 0 runs, 0 hits, 0 errors, 0 left on base; Los Angeles (WIN) 0 - Chicago (WIN) 1 |
TOP OF THE 5TH |
Los Angeles (WIN) Dodgers batting - Pitching for Chicago (WIN) White Sox : LHP Nick Hamlin
|
Batting: RHB Luis Grajeda
|
0-0: Foul Ball, location: 2F 0-1: Swinging Strike 0-2: Ball 1-2: Foul Ball, location: 2F 1-2: Strikes out swinging
|
Batting: RHB Mike Dodson
|
0-0: Called Strike 0-1: Foul Ball, location: 2F 0-2: Ball 1-2: Ball 2-2: Foul Ball, location: 2F 2-2: Ball 3-2: Foul Ball, location: 2F 3-2: Ground out 4-3 (Groundball, 34, EV 103.1 MPH)
|
Batting: SHB Shane Marcum
|
0-0: Called Strike 0-1: Foul Ball, location: 2F 0-2: Foul Ball, location: 2F 0-2: Ball 1-2: Foul Ball, location: 2F 1-2: Strikes out swinging
|
Top of the 5th over - 0 runs, 0 hits, 0 errors, 0 left on base; Los Angeles (WIN) 0 - Chicago (WIN) 1 |
BOTTOM OF THE 5TH |
Chicago (WIN) White Sox batting - Pitching for Los Angeles (WIN) Dodgers : RHP Santiago Montero
|
Batting: LHB Hirakito Herring
|
0-0: Ball 1-0: Ball 2-0: Called Strike 2-1: Ball 3-1: Base on Balls
|
Batting: RHB Danny Longoria
|
0-0: Ball Hirakito Herring is caught stealing 2nd base 2-4 1-0: Ball 2-0: Foul Ball, location: 2F 2-1: Foul Ball, location: 2F 2-2: Foul Ball, location: 2F 2-2: SINGLE (Line Drive, 7LS, EV 102.5 MPH)
|
Batting: LHB John Thurman
|
0-0: Ball 1-0: Foul Ball, location: 2F 1-1: Ball Wild Pitch! Danny Longoria to second 2-1: Swinging Strike 2-2: Ball 3-2: Strikes out looking
|
Batting: RHB Jose Medina
|
0-0: Ball 1-0: Foul Ball, location: 2F 1-1: Foul Ball, location: 2F 1-2: Foul Ball, location: 2F 1-2: Foul Ball, location: 2F 1-2: Ball 2-2: Ball 3-2: SINGLE (Groundball, 6MD, EV 95.0 MPH) Danny Longoria to third
|
Batting: LHB Dustin Taylor
|
0-0: Foul Ball, location: 2F 0-1: SINGLE (Line Drive, 89S, EV 86.2 MPH) Danny Longoria scores Jose Medina to second Runner from 2nd tries for 3rd, SAFE, throw by RF made to third
|
Batting: RHB Dusty Ballard
|
0-0: Called Strike 0-1: Swinging Strike 0-2: Fly out, F7 (Flyball, 7, EV 88.1 MPH)
|
Bottom of the 5th over - 1 run, 3 hits, 0 errors, 2 left on base; Los Angeles (WIN) 0 - Chicago (WIN) 2 |
TOP OF THE 6TH |
Los Angeles (WIN) Dodgers batting - Pitching for Chicago (WIN) White Sox : LHP Nick Hamlin
|
Pitching: RHP Jesus Griego
|
|
Batting: RHB Blake Beale
|
0-0: Ball 1-0: Ball 2-0: Ball 3-0: Base on Balls
|
Batting: RHB Alex Mejia
|
0-0: Swinging Strike 0-1: Foul Ball, location: 2F 0-2: Ball 1-2: Foul Ball, location: 2F 1-2: Ball 2-2: Strikes out swinging
|
Batting: LHB Chris Barrera
|
0-0: Ball 1-0: Ball 2-0: Foul Ball, location: 2F 2-1: Grounds into double play, 4-6-3 (Groundball, 4, EV 88.1 MPH)
|
Top of the 6th over - 0 runs, 0 hits, 0 errors, 0 left on base; Los Angeles (WIN) 0 - Chicago (WIN) 2 |
BOTTOM OF THE 6TH |
Chicago (WIN) White Sox batting - Pitching for Los Angeles (WIN) Dodgers : RHP Santiago Montero
|
Batting: LHB Brandon Hopper
|
0-0: Ball 1-0: Called Strike 1-1: Ball 2-1: Hit by Pitch
|
Batting: LHB Angel Tellez
|
0-0: Called Strike 0-1: Foul Ball, location: 2F 0-2: Ball 1-2: Ball Brandon Hopper is caught stealing 2nd base 2-6 2-2: Foul Ball, location: 2F 2-2: Strikes out swinging
|
Batting: RHB Mike Warzecha
|
0-0: Called Strike 0-1: Ball 1-1: Called Strike 1-2: SOLO HOME RUN (Flyball, 7LD, EV 94.4 MPH), Distance : 362 ft
|
Batting: LHB Hirakito Herring
|
0-0: Ball 1-0: Foul Ball, location: 2F 1-1: Called Strike 1-2: Ball 2-2: Foul Ball, location: 2F 2-2: Reached on error, E4 (Groundball, 4, EV 103.8 MPH)
|
Batting: RHB Danny Longoria
|
0-0: Called Strike 0-1: Called Strike 0-2: Strikes out swinging
|
Bottom of the 6th over - 1 run, 1 hit, 1 error, 1 left on base; Los Angeles (WIN) 0 - Chicago (WIN) 3 |
TOP OF THE 7TH |
Los Angeles (WIN) Dodgers batting - Pitching for Chicago (WIN) White Sox : RHP Jesus Griego
|
Batting: RHB Steve Perez
|
0-0: Fly out, F4 (Popup, 4D, EV 63.8 MPH)
|
Batting: LHB Antonio Fierros
|
0-0: Foul Ball, location: 2F 0-1: SINGLE (Flyball, 4D, EV 82.5 MPH)
|
Batting: LHB Steve Pond
|
0-0: Ball 1-0: Fly out, F9 (Flyball, 9D, EV 95.6 MPH)
|
Batting: RHB Luis Grajeda
|
0-0: Ball 1-0: Ball 2-0: Fly out, F8 (Line Drive, 8LD, EV 95.0 MPH)
|
Top of the 7th over - 0 runs, 1 hit, 0 errors, 1 left on base; Los Angeles (WIN) 0 - Chicago (WIN) 3 |
BOTTOM OF THE 7TH |
Chicago (WIN) White Sox batting - Pitching for Los Angeles (WIN) Dodgers : RHP Santiago Montero
|
Pitching: RHP Dan Marino IV
|
|
Batting: LHB John Thurman
|
0-0: Foul Ball, location: 2F 0-1: Swinging Strike 0-2: Strikes out swinging
|
Batting: RHB Jose Medina
|
0-0: Called Strike 0-1: Swinging Strike 0-2: Foul Ball, location: 2F 0-2: Ball 1-2: Ground out 6-3 (Groundball, 56, EV 93.1 MPH)
|
Batting: LHB Dustin Taylor
|
0-0: Ball 1-0: Foul Ball, location: 2F 1-1: Ball 2-1: Swinging Strike 2-2: Foul Ball, location: 2F 2-2: Ball 3-2: Fly out, F6 (Popup, 6, EV 62.5 MPH)
|
Bottom of the 7th over - 0 runs, 0 hits, 0 errors, 0 left on base; Los Angeles (WIN) 0 - Chicago (WIN) 3 |
TOP OF THE 8TH |
Los Angeles (WIN) Dodgers batting - Pitching for Chicago (WIN) White Sox : RHP Jesus Griego
|
Pitching: RHP Tommy Benedict
|
|
Batting: RHB Mike Dodson
|
0-0: Called Strike 0-1: Foul Ball, location: 2F 0-2: Hit by Pitch
|
Batting: SHB Shane Marcum
|
0-0: Ball 1-0: Fly out, F8 (Line Drive, 8LD, EV 100.6 MPH)
|
Pinch Hitting: LHB Alberto Chavez
|
0-0: Ball 1-0: Foul Ball, location: 2F 1-1: Called Strike 1-2: Strikes out swinging
|
Batting: RHB Alex Mejia
|
0-0: Foul Ball, location: 2F 0-1: Ball 1-1: Fly out, F7 (Flyball, 7LS, EV 90.0 MPH)
|
Top of the 8th over - 0 runs, 0 hits, 0 errors, 1 left on base; Los Angeles (WIN) 0 - Chicago (WIN) 3 |
BOTTOM OF THE 8TH |
Chicago (WIN) White Sox batting - Pitching for Los Angeles (WIN) Dodgers : RHP Dan Marino IV
|
Now in LF: Jim Chalk
|
|
Now in RF: Steve Pond
|
|
Batting: RHB Dusty Ballard
|
0-0: SINGLE (Line Drive, 4D, EV 95.6 MPH)
|
Batting: LHB Brandon Hopper
|
0-0: Fly out, F7 (Flyball, 7, EV 95.6 MPH)
|
Batting: LHB Angel Tellez
|
0-0: Called Strike Dusty Ballard steals 2nd base (no throw) 0-1: Swinging Strike 0-2: Ball 1-2: Strikes out looking
|
Batting: RHB Mike Warzecha
|
0-0: Foul Ball, location: 2F 0-1: Ground out 4-3 (Groundball, 4, EV 103.8 MPH)
|
Bottom of the 8th over - 0 runs, 1 hit, 0 errors, 1 left on base; Los Angeles (WIN) 0 - Chicago (WIN) 3 |
TOP OF THE 9TH |
Los Angeles (WIN) Dodgers batting - Pitching for Chicago (WIN) White Sox : RHP Tommy Benedict
|
Pitching: LHP Steven Wolf
|
|
Batting: LHB Chris Barrera
|
0-0: Called Strike 0-1: Ball 1-1: Called Strike 1-2: Fly out, F9 (Flyball, 89S, EV 90.0 MPH)
|
Batting: RHB Steve Perez
|
0-0: Ball 1-0: Ball 2-0: Ball 3-0: Called Strike 3-1: Called Strike 3-2: Strikes out swinging
|
Batting: LHB Antonio Fierros
|
0-0: Ball 1-0: Foul Ball, location: 2F 1-1: Ball 2-1: Foul Ball, location: 2F 2-2: Strikes out looking
|
Top of the 9th over - 0 runs, 0 hits, 0 errors, 0 left on base; Los Angeles (WIN) 0 - Chicago (WIN) 3 |
|